 Dungeon Crawl Stone Soup version 0.30-a0-743-gbfdf073431 (webtiles) character file.

Game seed: 5728135664677338894

24 jimonade the Sneak (level 3, 0/18 HPs)
             Began as a Vine Stalker Brigand on Feb 5, 2023.
             Succumbed to an adder's poison
             ... on level 2 of the Dungeon.
             The game lasted 00:01:25 (644 turns).

jimonade the Sneak (Vine Stalker Brigand)            Turns: 644, Time: 00:01:26

Health: 0/18       AC:  3    Str: 13    XL:     3   Next: 2%
Magic:  0/4        EV: 11    Int: 11    God:
Gold:   42         SH:  0    Dex: 17    Spells: 2/2 levels left

rFire   . . .      SeeInvis .    a - +2 dagger
rCold   . . .      Faith    .    (no shield)
rNeg    . . .      Spirit   +    b - +0 robe
rPois   .          Reflect  .    (no helmet)
rElec   .          Harm     .    c - +0 cloak
rCorr   .          Rampage  .    (no gloves)
Will    .....                    (no boots)
Stlth   +++                      (no amulet)
HPRegen 0.23/turn                (no ring)
MPRegen 0.09/turn                (no ring)

@: lethally poisoned (0 -> -9)
A: fangs 2, magic shield, antimagic bite, no potion heal 2
a: no special abilities


You were on level 2 of the Dungeon.
You visited 1 branch of the dungeon, and saw 2 of its levels.

You collected 42 gold pieces.

Inventory:

Hand Weapons
 a - a +2 dagger (weapon)
Missiles
 d - 9 poisoned darts (quivered)
 e - 3 curare-tipped darts
Armour
 b - a +0 robe (worn)
 c - a +0 cloak (worn)
Scrolls
 f - a scroll of identify {unknown}
 h - a scroll of teleportation {unknown}
Potions
 g - a potion of curing {unknown}
 i - a potion of flight {unknown}
 j - a potion of mutation {unknown}
 k - a potion of lignification {unknown}
 l - a potion of berserk rage {unknown}


   Skills:
 + Level 1.9 Fighting
 * Level 2.1 Short Blades
 + Level 1.7 Throwing
 + Level 0.8 Dodging
 + Level 5.7 Stealth


You had 2 spell levels left.
You didn't know any spells.
Your spell library was empty.

Dungeon Overview and Level Annotations

Branches:
Dungeon (2/15)

Altars:
Trog


Innate Abilities, Weirdness & Mutations

You have extremely sharp teeth.
When hurt, damage is shared between your health and your magic reserves.
Your bite disrupts and absorbs the magic of your enemies.
Potions cannot restore your health.


Message History

You are poisoned.
The adder poisons you! The adder misses you.
You closely miss the adder. You bite the adder, but do no damage.
The adder is heavily wounded.
You feel sick. The bat hits you. The adder barely misses you.
You closely miss the adder. You bite the adder. You drain its power.
The adder is heavily wounded.
You feel sick. The bat closely misses you. The adder closely misses you.
You hit the adder. Your bite misses the adder.
The adder is severely wounded.
You feel sick. The bat barely misses you. The adder misses you.
You miss the adder.
The adder is severely wounded.
You feel sick. The bat closely misses you. The adder barely misses you.
You miss the adder.
The adder is severely wounded.
You feel sick.
The bat hits you but does no damage. x2; The adder bites you.
You are more poisoned.
The adder poisons you!
You are too injured to fight recklessly!
You barely miss the adder.
The adder is severely wounded.
You feel sick. The bat hits you. The bat barely misses you.
The adder barely misses you.
You barely miss the adder. Your bite misses the adder.
The adder is severely wounded.
* * * LOW HITPOINT WARNING * * *
You feel sick. The bat completely misses you. The adder bites you.
* * * LOW HITPOINT WARNING * * *
The adder barely misses you.
You hit the adder.
The adder is almost dead.
* * * LOW HITPOINT WARNING * * *
You feel sick. The bat hits you. The bat closely misses you.
The bat misses you. The adder bites you.
You are more poisoned.
The adder poisons you!
You hit the adder.
You kill the adder!
You die...

.... .# .... . ...
. ..# .##
#.####..###.
#.##........
#####.#..##.....
#.....b@†....#
....###>##.##..# .
#..(.# ##...##
#####...#######
...............
#...###.#######
#.#####..#######.#
..........>.......


You could see a bat.

Vanquished Creatures
  An adder (D:2)
  3 endoplasms (D:1)
  A giant cockroach (D:1)
  3 goblins
  4 hobgoblins
  2 kobolds (D:1)
  2 quokkas
  6 rats
22 creatures vanquished.

Notes
Turn   | Place    | Note
-------+----------+-------------------------------------------
     0 | D:1      | jimonade the Vine Stalker Brigand began the quest for the
                  | Orb.
     0 | D:1      | Reached XP level 1. HP: 11/11 MP: 2/2
    36 | D:1      | Reached skill level 5 in Stealth
    70 | D:1      | Reached XP level 2. HP: 3/15 MP: 1/3
   496 | D:2      | Found a bloodstained altar of Trog.
   558 | D:2      | Reached XP level 3. HP: 14/18 MP: 2/4
   644 | D:2      | Succumbed to an adder's poison

Illustrated notes

Levels and vault maps discovered:
D:1:      dpeg_arrival_simpleton_c, layout_rooms
D:2:      layout_rooms, basic_altar

Skill      XL: |  1  2 |
---------------+-------+-----
Stealth        | 5 |  5.7
Short Blades   | 2 |  2.1
Fighting       | |  1.9
Throwing       | |  1.7
Dodging        | |  0.8

Action                     || total
---------------------------++-------
  Melee: Dagger            ||    59
         Bite              ||    11
   Stab: Sleeping          ||     7
 Armour: Robe              ||     7
  Dodge: Dodged            ||    31

Table legend: (Time is in decaauts)
 A = Elapsed time spent in this place.
 B = Non-inter-level travel time spent in this place.
 C = Inter-level travel time spent in this place.
 D = Time resting spent in this place.
 E = Time spent auto-exploring this place.
 F = Levels seen in this place.
 G = Mean time per level.
                   A        B        C        D        E       F      G
               +--------+--------+--------+--------+--------+-----+--------+
         Total |    638 |    634 |      4 |      0 |    434 |   2 |  319.0 |
       Dungeon |    638 |    634 |      4 |      0 |    434 |   2 |  319.0 |
               +--------+--------+--------+--------+--------+-----+--------+

Top non-repeatable levels by time:
     D:1: 490 daAuts
     D:2: 147 daAuts
